 Dungeon Crawl Stone Soup version 0.30-a0-924-g0ad0bf95bc (webtiles) character file.

Game seed: 14024051852400136510

136 bande the Covered (level 5, -3/33 HPs)
             Began as a Gargoyle Fighter on Mar 22, 2023.
             Slain by a gnoll
             ... wielding a +0 halberd
              (7 damage)
             ... on level 2 of the Dungeon.
             The game lasted 00:01:29 (988 turns).

bande the Covered (Gargoyle Fighter)                 Turns: 988, Time: 00:01:29

Health: -3/33      AC: 13    Str: 20    XL:     5   Next: 19%
Magic:  5/5        EV:  9    Int:  8    God:
Gold:   110        SH:  4    Dex: 11    Spells: 4/4 levels left

rFire   . . .      SeeInvis .    a - +0 war axe
rCold   . . .      Faith    .    c - +0 buckler
rNeg    + . .      Spirit   .    b - +0 scale mail
rPois   ∞          Reflect  .    (no helmet)
rElec   +          Rampage  .    f - +0 cloak
rCorr   .                        k - +0 pair of gloves
Will    .....                    (no boots) Stlth
                                 (no amulet)
HPRegen 0.25/turn                (no ring)
MPRegen 0.09/turn                (no ring)

@: no status effects
A: sickness immunity, AC +4, negative energy resistance 1, electricity
resistance, torment resistance 1, petrification resistance
a: no special abilities


You were on level 2 of the Dungeon.
You visited 1 branch of the dungeon, and saw 2 of its levels.

You collected 110 gold pieces.

Inventory:

Hand Weapons
 a - a +0 war axe (weapon)
 e - a +0 flail
Missiles
 l - a throwing net (quivered)
Armour
 b - a +0 scale mail (worn)
 c - a +0 buckler (worn)
 f - a +0 cloak (worn)
 k - a +0 pair of gloves (worn)
Scrolls
 j - a scroll of brand weapon {unknown}
 n - a scroll of vulnerability {unknown}
 o - a scroll of identify {unknown}
Potions
 d - 2 potions of might
 g - 2 potions of curing {unknown}
 h - a potion of magic {unknown}
 i - a potion of berserk rage {unknown}
 m - a potion of invisibility {unknown}


   Skills:
 + Level 4.1 Fighting
 + Level 3.2 Axes
 + Level 4.1 Armour
 + Level 3.8 Shields


You had 4 spell levels left.
You didn't know any spells.
Your spell library was empty.

Dungeon Overview and Level Annotations

Branches:
Dungeon (2/15)

Altars:
Ashenzari


Innate Abilities, Weirdness & Mutations

You are immune to sickness and miasma.
Your stone body is resilient. (AC +4)
You are immune to poison.
You resist negative energy. (rN+)
You are resistant to electric shocks. (rElec)
You are resistant to unholy torment.
You are immune to petrification.


Message History

You block the gnoll's attack. The gnoll hits you but does no damage.
You hit the gnoll.
The gnoll is heavily wounded.
The gnoll hits you from afar with a +0 halberd.
* * * LOW HITPOINT WARNING * * *
The gnoll closely misses you.
You slash the gnoll!
You kill the gnoll!
You block the gnoll's attack.
You hit the worm.
The worm is lightly wounded.
The gnoll closely misses you. The worm closely misses you.
The gnoll hits you but does no damage.
You hit the worm.
The worm is moderately wounded.
The gnoll hits you from afar with a +0 halberd!
* * * LOW HITPOINT WARNING * * *
You barely miss the worm.
The worm is moderately wounded.
The gnoll barely misses you. You block the worm's attack.
You slash the worm!
You kill the worm!
You block the gnoll's attack. The gnoll closely misses you.
Okay, then.
Found 7 gold pieces.
The gnoll hits you but does no damage.
Items here: ))) [ †.
You completely miss the gnoll. You block the gnoll's attack.
You closely miss the gnoll. The gnoll hits you with a +0 halberd.
* * * LOW HITPOINT WARNING * * *
The gnoll closely misses you.
You slash the gnoll!
The gnoll is severely wounded.
The gnoll closely misses you.
You hit the gnoll but do no damage.
The gnoll is severely wounded.
The gnoll hits you but does no damage.
You hit the gnoll.
The gnoll is almost dead.
The gnoll hits you with a +0 halberd!
You die...

#.._..#
#..##.
#.....#
#..###
#!....#
#...#
###.###
....## #!#
####.# #.#
..# #†# .##
# #.# .. ..
#@# #..
#.g.$.# ..#
......# ##
..........
.........##
.........##
#.........#
#.........#


You could see a gnoll.

Vanquished Creatures
  Natasha (twice) (D:2)
  3 gnolls (D:2)
  2 adders (D:2)
  2 worms (D:2)
  A dart slug (D:1)
  An endoplasm (D:1)
  A giant cockroach (D:1)
  4 hobgoblins
  2 kobolds (D:1)
  3 quokkas
  5 ball pythons
  A frilled lizard (D:1)
  4 goblins (D:1)
  3 rats (D:1)
34 creatures vanquished.

Notes
Turn   | Place    | Note
-------+----------+-------------------------------------------
     0 | D:1      | bande the Gargoyle Fighter began the quest for the Orb.
     0 | D:1      | Reached XP level 1. HP: 14/14 MP: 1/1
   149 | D:1      | Reached XP level 2. HP: 17/19 MP: 2/2
   817 | D:2      | Noticed Natasha
   823 | D:2      | Killed Natasha
   824 | D:2      | Reached XP level 3. HP: 24/24 MP: 3/3
   837 | D:2      | Reached XP level 4. HP: 29/29 MP: 4/4
   888 | D:2      | Noticed Natasha
   898 | D:2      | Killed Natasha
   938 | D:2      | Found a broken altar of Ashenzari.
   972 | D:2      | Reached XP level 5. HP: 18/33 MP: 5/5
   988 | D:2      | Slain by a gnoll

Illustrated notes

Levels and vault maps discovered:
D:1:      erik_arrival_orb_chamber, layout_basic
D:2:      layout_rooms, basic_altar,
          hellmonk_ecumenical_altar_pennies_from_heaven, uniq_natasha,
          uniq_crazy_yiuf_cottage

Skill      XL: |  1  2  3  4 |
---------------+-------------+-----
Axes           | 2 3 |  3.2
Armour         | 4 |  4.1
Fighting       | 4 |  4.1
Shields        | |  3.8

Action                     |  1- 3 |  4- 6 || total
---------------------------+-------+-------++-------
  Melee: War axe           |    63 |    53 ||   116
 Armour: Scale mail        |    45 |    20 ||    65
  Dodge: Dodged            |    35 |    28 ||    63
  Block: Buckler           |    18 |    15 ||    33

Table legend: (Time is in decaauts)
 A = Elapsed time spent in this place.
 B = Non-inter-level travel time spent in this place.
 C = Inter-level travel time spent in this place.
 D = Time resting spent in this place.
 E = Time spent auto-exploring this place.
 F = Levels seen in this place.
 G = Mean time per level.
                   A        B        C        D        E       F      G
               +--------+--------+--------+--------+--------+-----+--------+
         Total |   1036 |    963 |     73 |      0 |    708 |   2 |  518.0 |
       Dungeon |   1036 |    963 |     73 |      0 |    708 |   2 |  518.0 |
               +--------+--------+--------+--------+--------+-----+--------+

Top non-repeatable levels by time:
     D:1: 830 daAuts
     D:2: 205 daAuts
